 Dungeon Crawl Stone Soup version 0.29-a0-474-gdfe5cd140f (webtiles) character file.

Game seed: 8483038117890396888

111 zeratav the Chiller (level 4, -5/27 HPs)
             Began as an Octopode Ice Elementalist on May 22, 2022.
             Slain by a gnoll
             ... wielding a +0 halberd
              (15 damage)
             ... on level 3 of the Dungeon on May 24, 2022.
             The game lasted 00:03:58 (2822 turns).

zeratav the Chiller (Octopode Ice Elementalist)     Turns: 2822, Time: 00:03:58

Health: -5/27      AC:  1    Str:  7    XL:     4   Next: 92%
Magic:  5/8        EV: 13    Int: 19    God:
Gold:   154        SH:  0    Dex: 12    Spells: 8/9 levels left

rFire   . . .      SeeInvis .   g - -1 dagger (venom) {short}
rCold   . . .      Faith    .   (no shield)
rNeg    . . .      Spirit   .   (helmet restricted)
rPois   .          Reflect  .   (no amulet)
rElec   .          Harm     .   (no ring)
rCorr   .          Rampage  .   (no ring)
Will    .....                   (no ring)
Stlth   +++.......              (no ring)
HPRegen 0.09/turn               (no ring)
MPRegen 0.11/turn               (no ring)
                                (no ring)
                                (no ring)

@: no status effects
A: almost no armour, amphibious, 8 rings, camouflage 1, gelatinous body 1,
(nimble swimmer 1), tentacles
a: no special abilities


You were on level 3 of the Dungeon.
You visited 1 branch of the dungeon, and saw 3 of its levels.

You collected 154 gold pieces.


Innate Abilities, Weirdness & Mutations

You cannot wear most types of armour.
You are amphibious.
You can wear up to eight rings at the same time.
Your skin changes colour to match your surroundings (Stealth+).
Your rubbery body absorbs attacks. (AC +1, EV +1)
((You are camouflaged when in or above water. (Stealth+)))
You have tentacles for arms and can constrict up to eight enemies at once.


   Skills:
 - Level 2.0 Dodging
 - Level 2.6 Stealth
 + Level 3.0 Spellcasting
 * Level 5.5 Ice Magic


You had 8 spell levels left.
You knew the following spells:

 Your Spells              Type           Power      Damage    Failure   Level
a - Freeze                Ice            92%        1d10      1%          1

Your spell library contained the following spells:

 Spells                   Type           Power      Damage    Failure   Level
 Frozen Ramparts          Ice            46%        1d6       4%          3
 Ozocubu's Armour         Ice            23%        N/A       4%          3
 Ignite Poison            Fire/Tmut/Pois 2%         N/A       41%         3
 Inner Flame              Hex/Fire       2%         N/A       41%         3
 Mephitic Cloud           Conj/Pois/Air  2%         N/A       41%         3
 Hailstorm                Conj/Ice       13%        3d5       43%         4
 Cause Fear               Hex            1%         N/A       83%         4
 Freezing Cloud           Conj/Ice/Air   4%         6-21      89%         5
 Discord                  Hex            1%         N/A       100%        8

Inventory:

Hand Weapons
 b - a +0 dagger {short}
   (You took it off a goblin on level 1 of the Dungeon)
 g - a -1 dagger of venom (weapon) {short}
   (You found it on level 1 of the Dungeon)
Jewellery
 m - a ring of ice
   (You found it on level 2 of the Dungeon)
Scrolls
 c - a scroll of identify {unknown}
 f - a scroll of enchant armour {unknown}
 j - a scroll of torment {unknown}
 k - a scroll of magic mapping {unknown}
 l - a scroll of teleportation {unknown}
 n - a scroll of noise {unknown}
Potions
 a - 2 potions of magic
 d - a potion of brilliance {unknown}
 e - a potion of lignification {unknown}
 i - a potion of flight {unknown}

Dungeon Overview and Level Annotations

Branches:
Dungeon (3/15)

Altars:
Vehumet

Shops:
D:2

! #.....# #..#.#..$_ ###.....#
####.>....# ........#
#.$.....###.. ..#.##### #####
#.#g........# ###.# #...#
#g######### ....# #.#.# #g# ..
.###### #.#.########.###.#
.#....######.#.##.g..##.....##.
.............#..@)g............
##....###########.g..##########
#....# #....# #....# #....#
###### ######


You could see 3 gnolls.


Message History

No target in view!
You see here a rat corpse.
n - a scroll labelled RAMNEAVI UMYLI HP[+6]
Your hp is fully restored (27).
There is an entrance to Imoley's Distillery here.
You see here a rat corpse.
You now have 154 gold pieces (gained 19).
Done exploring.
Done exploring.
Okay, then.
(D) Dungeon
Where to? (Enter - D:2, ? - help)
There is a stone staircase leading down here.
You climb downwards.
There is a stone staircase leading up here.
Found a stone staircase leading down.
A gnoll comes into view. It is wielding a +0 whip.
A gnoll is nearby!
A gnoll comes into view. It is wielding a +0 halberd.
Found a radiant altar of Vehumet.
A gnoll comes into view. It is wielding a +0 halberd.
The gnoll shouts! x2
You can't see any susceptible monsters within range! (Use Z to cast anyway.)
You can't see any susceptible monsters within range! (Use Z to cast anyway.)
A gnoll comes into view. It is wielding a +0 spear.
The gnoll shouts!
You can't see any susceptible monsters within range! (Use Z to cast anyway.)
The gnoll closely misses you.
The gnoll shouts!
You freeze the gnoll. The gnoll barely misses you.
The gnoll hits you from afar with a +0 halberd.
The gnoll misses you.
HP[-6] MP[-1]
You take 6 damage, and now have 21/27 hp.
MASSIVE DAMAGE!! (PAUSE)
You lost 1 mp, and now have 7/8 mp.
You freeze the gnoll! The gnoll completely misses you. The gnoll misses you.
The gnoll hits you with a +0 whip.
HP[-4] MP[-1]
You take 4 damage, and now have 17/27 hp.
You lost 1 mp, and now have 6/8 mp.
You are too injured to fight recklessly!
You are too injured to fight recklessly!
The gnoll attacks as you move away! The gnoll hits you with a +0 whip!
* * * LOW HITPOINT WARNING * * *
HP[-7]
You take 7 damage, and now have 10/27 hp.
MASSIVE DAMAGE!! (PAUSE)
The gnoll attacks as you move away! The gnoll hits you with a +0 whip.
* * * LOW HITPOINT WARNING * * *
HP[-2] MP[+1]
You take 2 damage, and now have 8/27 hp.
HP[+1]
The gnoll attacks as you move away! The gnoll misses you.
The gnoll attacks as you move away! The gnoll hits you with a +0 whip.
* * * LOW HITPOINT WARNING * * *
HP[-3]
You take 3 damage, and now have 6/27 hp.
The gnoll attacks as you move away!
The gnoll barely misses you. 🤖 Initializing magus.rc ...
Bad channel name for runrest: 'pray:' ✅ Successfully initialized magus.rc [v1.9.6] Welcome back, zeratav the Octopode Ice Elementalist.
Press ? for a list of commands and other information.
Casting: Freeze (safe; 1% risk of failure)
Confirm with . or Enter, or press ? or * to list all spells.
Aiming: Freeze (safe; 1% risk of failure)
Press: ? - help, Shift-Dir - straight line, f - gnoll
Aim: a gnoll, wielding a +0 whip (severely wounded)
You freeze the gnoll. The gnoll misses you.
MP[-1]
You lost 1 mp, and now have 6/8 mp.
Casting: Freeze (safe; 1% risk of failure)
Confirm with . or Enter, or press ? or * to list all spells.
Aiming: Freeze (safe; 1% risk of failure)
Press: ? - help, Shift-Dir - straight line, f/p - gnoll
Aim: a gnoll, wielding a +0 whip (almost dead)
You freeze the gnoll. The gnoll barely misses you.
The gnoll hits you with a +0 whip.
* * * LOW HITPOINT WARNING * * *
HP[-4] MP[-1]
You take 4 damage, and now have 2/27 hp.
You lost 1 mp, and now have 5/8 mp.
It was a potion of curing.
You feel better. The gnoll misses you. x2
The gnoll hits you with a +0 whip.
* * * LOW HITPOINT WARNING * * *
HP[+8] MP[+1]
You regained 8 hp, and now have 10/27 hp.
Casting: Freeze (safe; 1% risk of failure)
Confirm with . or Enter, or press ? or * to list all spells.
Aiming: Freeze (safe; 1% risk of failure)
Press: ? - help, Shift-Dir - straight line, f - gnoll
Aim: a gnoll, wielding a +0 whip (almost dead)
You freeze the gnoll!
You kill the gnoll!
The gnoll closely misses you.
The gnoll hits you from afar with a +0 halberd!
Ouch! That really hurt!
You die...

Skill      XL: |  1  2  3  4 |
---------------+-------------+-----
Ice Magic      | 5 |  5.5
Spellcasting   | 3 |  3.0
Dodging        | |  2.0
Stealth        | |  2.6

Action                   |  1- 3 |  4- 6 || total
-------------------------+-------+-------++-------
Melee: Short sword       |    15 |       ||    15
       Constrict         |    11 |     2 ||    13
       Tentacles         |     3 |     1 ||     4
       Dagger            |    16 |    21 ||    37
       Punch             |     1 |       ||     1
 Cast: Freeze            |    17 |    21 ||    38
  Use: Potion            |       |     1 ||     1
 Stab: Sleeping          |     7 |     8 ||    15
Armor: Skin              |     7 |     3 ||    10
Dodge: Dodged            |    23 |    20 ||    43

Levels and vault maps discovered:
D:1:      dpeg_arrival_shrine, layout_basic, ebering_ecumenical_altar_rust,
          hangedman_decor_points
D:2:      layout_loops_cross, serial_shops, shop, minmay_snake_closets
D:3:      layout_basic, mainiacjoe_overflow_24_doors, lemuel_crystal_altar,
          lightli_temple_of_fire, uniq_robin, uniq_crazy_yiuf_cottage

Notes
Turn   | Place    | Note
-------+----------+-------------------------------------------
     0 | D:1      | zeratav the Octopode Ice Elementalist began the quest for
                  | the Orb.
     0 | D:1      | Reached XP level 1. HP: 11/11 MP: 3/3
     0 | D:1      | magus.rc [v1.9.6]
   263 | D:1      | Reached XP level 2. HP: 17/17 MP: 5/5
   606 | D:1      | HP: 4/17 [constriction (1)]
   939 | D:1      | Found a faded altar of an unknown god.
   974 | D:1      | Reached XP level 3. HP: 12/21 MP: 4/6
  1173 | D:1      | You pick up a book of Hexes and begin reading...
  1173 | D:1      | You add the spells Inner Flame, Cause Fear and Discord to
                  | your library.
  1453 | D:2      | Found Imoley's Distillery.
  1509 | D:2      | You add the spells Ignite Poison, Mephitic Cloud and
                  | Freezing Cloud to your library.
  1784 | D:2      | Reached skill level 5 in Ice Magic
  1822 | D:2      | Reached XP level 4. HP: 22/27 MP: 5/8
  2348 | D:2      | Reached skill level 3 in Spellcasting
  2800 | D:3      | Found a radiant altar of Vehumet.
  2816 | D:3      | HP: 6/27 [gnoll/+0 whip (3)]
  2819 | D:3      | Upgraded the game from 0.29-a0-472-ge5599a681e to
                  | 0.29-a0-474-gdfe5cd140f
  2819 | D:3      | magus.rc [v1.9.6]
  2820 | D:3      | HP: 2/27 [gnoll/+0 whip (4)]
  2822 | D:3      | Slain by a gnoll

Vanquished Creatures
  A gnoll (D:3)
  6 adders (D:2)
  A worm (D:2)
  4 dart slugs
  2 endoplasms (D:1)
  3 giant cockroaches
  4 goblins
  2 hobgoblins
  3 quokkas
  10 ball pythons
  4 bats
  4 frilled lizards
  3 kobolds
  3 rats (D:2)
50 creatures vanquished.

Table legend:
 A = Non-vault XP
 B = Vault XP
 C = Vault XP percentage of total XP
 D = Non-vault monster count
 E = Vault monster count
 F = Vault count percentage of total count
                 A         B        C        D         E       F
            +---------+---------+-------+---------+---------+-------
      Total |      87 |      86 |  49.7 |      38 |      12 |  24.0
            +---------+---------+-------+---------+---------+-------
        D:1 |      39 |       0 |   0.0 |      19 |       0 |   0.0
        D:2 |      34 |      86 |  71.7 |      18 |      12 |  40.0
        D:3 |      14 |       0 |   0.0 |       1 |       0 |   0.0
            +---------+---------+-------+---------+---------+-------

Illustrated notes

Table legend:
 A = Kills in this place as a percentage of kills in entire the game.
 B = Kills by you in this place as a percentage of kills by you in the entire game.
 C = Kills by friends in this place as a percentage of kills by friends in the entire game.
 D = Other kills in this place as a percentage of other kills in the entire game.
 E = Experience gained in this place as a percentage of experience gained in the entire game.
 F = Experience gained in this place divided by the number of levels of this place that you have seen.
                   A       B       C       D       E      F
               +-------+-------+-------+-------+-------+----------------------
         Total | 100.0 | 100.0 |   N/A |   N/A | 100.0 |  57.7
       Dungeon | 100.0 | 100.0 |   N/A |   N/A | 100.0 |  57.7
               +-------+-------+-------+-------+-------+----------------------

Table legend: (Time is in decaauts)
 A = Elapsed time spent in this place.
 B = Non-inter-level travel time spent in this place.
 C = Inter-level travel time spent in this place.
 D = Time resting spent in this place.
 E = Time spent auto-exploring this place.
 F = Levels seen in this place.
 G = Mean time per level.
                   A        B        C        D        E       F      G
               +--------+--------+--------+--------+--------+-----+--------+
         Total |   2822 |   2769 |     53 |    362 |   2070 |   3 |  940.7 |
       Dungeon |   2822 |   2769 |     53 |    362 |   2070 |   3 |  940.7 |
               +--------+--------+--------+--------+--------+-----+--------+

Top non-repeatable levels by time:
     D:1: 1377 daAuts
     D:2: 1352 daAuts
     D:3: 91 daAuts
